 Dungeon Crawl Stone Soup version 0.30.0-30-g96aa6591b8 (webtiles) character file.

Game seed: 8731759518440949895

1183 coffeetime the Basher (level 8, -1/70 HPs)
             Began as a Minotaur Fighter on June 28, 2023.
             Was a Believer of Okawaru.
             Succumbed to a killer bee's poison
             ... on level 7 of the Dungeon.
             The game lasted 00:19:01 (2655 turns).

coffeetime the Basher (Minotaur Fighter)            Turns: 2655, Time: 00:19:01

Health: -1/70      AC: 10    Str: 24    XL:     8   Next: 19%
Magic:  7/7        EV: 11    Int:  5    God:    Okawaru [**....]
Gold:   157        SH:  4    Dex:  9    Spells: 7/7 levels left

rFire   . . .        p - +2 whip (venom)
rCold   . . .        c - +0 buckler
rNeg    . . .        u - +4 ring mail
rPois   .            (helmet restricted)
rElec   .            (no cloak)
rCorr   .            (no gloves)
SInv    .            (no boots)
Will    .....        (no amulet)
Stlth   +            (no ring)
HPRegen 0.31/turn    (no ring)
MPRegen 0.10/turn

%: no passive effects
@: lethally poisoned (-1 -> -12), hasted, very quick
A: horns 2, retaliatory headbutt
a: Renounce Religion, Heroism


You were on level 7 of the Dungeon.
You worshipped Okawaru.
Okawaru was pleased with you.
You visited 1 branch of the dungeon, and saw 7 of its levels.
You also visited: Sewer.

You collected 157 gold pieces.

Inventory:

Hand Weapons
 a - a +0 flail
 n - a +0 dagger of venom
 p - a +2 whip of venom (weapon)
 v - the +1 whip of Ulalath {heavy, Contam rElec rF+}
   (You found it on level 4 of the Dungeon)

   rF:        It protects you from fire.
   rElec:     It insulates you from electricity.
   Contam:    It causes magical contamination when unequipped.
Missiles
 h - 60 stones (quivered)
Armour
 b - a +0 scale mail
 c - a +0 buckler (worn)
 g - a +0 chain mail
 u - a +4 ring mail (worn)
Jewellery
 A - a +5 ring of evasion
Wands
 w - a wand of light (10)
 C - a wand of paralysis (6)
 D - a wand of flame (15)
Scrolls
 f - a scroll of fear {unknown}
 i - a scroll of butterflies {unknown}
 k - a scroll of identify {unknown}
 o - a scroll of blinking {unknown}
 r - a scroll of magic mapping {unknown}
 t - 2 scrolls of teleportation {unknown}
 y - a scroll of immolation {unknown}
 z - a scroll of poison {unknown}
Potions
 d - a potion of might
 e - 2 potions of curing {unknown}
 j - 2 potions of haste
 l - a potion of berserk rage {unknown}
 m - 2 potions of attraction {unknown}
 q - 2 potions of heal wounds {unknown}
 s - a potion of mutation {unknown}
 x - a potion of brilliance {unknown}
 B - a potion of flight {unknown}


   Skills:
 + Level 6.0 Fighting
 + Level 8.2 Maces & Flails
 + Level 6.0 Armour
 + Level 3.0 Dodging
 + Level 0.5 Stealth
 + Level 5.1 Shields
 * Level 0.1 Evocations


You had 7 spell levels left.
You didn't know any spells.
Your spell library contained the following spells:

 Spells                   Type           Power      Damage    Failure   Level
 Freeze                   Ice            0%         1d3       67%         1
 Necrotise                Necr           0%         1d4       67%         1
 Dazzling Flash           Conj/Hex       0%         N/A       95%         3
 Frozen Ramparts          Ice            0%         1d1       95%         3
 Hailstorm                Conj/Ice       0%         3d3       95%         3
 Vampiric Draining        Necr           0%         2d6       95%         3
 Agony                    Necr           0%         N/A       100%        5
 Silence                  Hex/Air        0%         N/A       100%        5


Dungeon Overview and Level Annotations

Branches:
Dungeon (7/15)              Sewer (visited)
 Temple: D:4-7

Altars:
Okawaru
Ru

Shops:
D:1 (*?[*   D:6 [

Annotations:
D:2 Natasha
D:7 Menkaure


Innate Abilities, Weirdness & Mutations

You have a pair of horns on your head.
You reflexively headbutt those who attack you in melee.


Message History

You kill the killer bee!
Okawaru accepts your kill.
Your Fighting skill increases to level 6!
The killer bee attacks as you move away!
The killer bee stings you but does no damage.
The killer bee closely misses you.
The killer bee stings you but does no damage.
The killer bee attacks as you move away!
The killer bee stings you but does no damage.
The killer bee stings you.
* * * LOW HITPOINT WARNING * * *
The killer bee stings you.
* * * LOW HITPOINT WARNING * * *
The killer bee stings you but does no damage.
The killer bee attacks as you move away!
The killer bee closely misses you. You block the killer bee's attack.
The killer bee barely misses you. The killer bee barely misses you.
The killer bee stings you.
* * * LOW HITPOINT WARNING * * *
The killer bee attacks as you move away!
The killer bee stings you!
* * * LOW HITPOINT WARNING * * *
You are lethally poisoned!
The killer bee poisons you!
* * * LOW HITPOINT WARNING * * *
You feel sick.
The killer bee stings you but does no damage.
The killer bee misses you.
It was a potion of haste.
You feel yourself speed up.
* * * LOW HITPOINT WARNING * * *
You feel sick. You block the killer bee's attack.
The killer bee stings you but does no damage.
The killer bee stings you.
* * * LOW HITPOINT WARNING * * *
You are more poisoned.
The killer bee poisons you! The killer bee stings you.
* * * LOW HITPOINT WARNING * * *
The killer bee attacks as you move away!
You block the killer bee's attack.
You die...

#.# ##...##.
#.# ##.......
#.####.....##
#...........#
######.....##
##...## ##yy#
##.# #@# #.#
#.#
###.#######
#..........
#.#.#######
#....##
#####.....#
.(.......##


You could see 2 killer bees.

Vanquished Creatures
  A sky beast (D:6)
  A black bear (D:5)
  An ogre (D:4)
  2 phantoms (D:5)
  2 kobold brigands (Sewer)
  2 scorpions (D:5)
  A killer bee (D:7)
  2 jellies (D:5)
  2 hounds (D:5)
  5 iguanas
  A sleepcap (D:5)
  7 adders
  A gnoll (D:1)
  A shadow imp (D:5)
  A white imp (D:5)
  10 worms
  2 dart slugs (D:1)
  5 orcs
  6 endoplasms
  4 giant cockroaches
  3 goblins (D:1)
  4 hobgoblins
  4 jackals
  2 quokkas
  12 ball pythons
  4 bats
  A frilled lizard (D:1)
  10 kobolds
  11 rats
108 creatures vanquished.

Notes
Turn   | Place    | Note
-------+----------+-------------------------------------------
     0 | D:1      | coffeetime the Minotaur Fighter began the quest for the
                  | Orb.
     0 | D:1      | Reached XP level 1. HP: 19/19 MP: 0/0
   143 | D:1      | Reached XP level 2. HP: 25/27 MP: 1/1
   177 | D:1      | Found Kinto's Assorted Antiques.
   181 | D:1      | Found Desare Bygom's Magic Scroll Shop.
   225 | D:1      | Found Qoazan's General Store.
   258 | D:1      | Reached XP level 3. HP: 25/34 MP: 2/2
   372 | D:1      | Found Fufa's Weapon Shop.
   400 | D:2      | Noticed Natasha
   746 | D:3      | Reached skill level 3 in Maces & Flails
   746 | D:3      | Reached XP level 4. HP: 22/41 MP: 3/3
   806 | D:3      | Reached skill level 1 in Dodging
   830 | D:4      | Found an iron altar of Okawaru.
   838 | D:4      | Became a worshipper of Warmaster Okawaru
   993 | D:4      | Found a glowing drain.
  1005 | Sewer    | Entered a sewer
  1144 | Sewer    | Reached skill level 4 in Maces & Flails
  1247 | Sewer    | Reached XP level 5. HP: 43/47 MP: 4/4
  1307 | Sewer    | Reached skill level 5 in Maces & Flails
  1307 | Sewer    | Reached XP level 6. HP: 29/55 MP: 5/5
  1419 | D:4      | Found a sacrificial altar of Ru.
  1423 | D:4      | Identified the +1 whip of Ulalath {heavy, Contam rElec rF+}
  1451 | D:4      | You fall into a shaft and drop 2 floors!
  1463 | D:6      | Noticed an ice beast
  1464 | D:6      | Noticed a sky beast
  1484 | D:5      | Entered Level 5 of the Dungeon
  1528 | D:4      | Reached * piety under Okawaru
  1529 | D:4      | Reached skill level 5 in Armour
  1787 | D:4      | Reached skill level 5 in Fighting
  1999 | D:5      | Reached skill level 6 in Maces & Flails
  1999 | D:5      | Reached XP level 7. HP: 55/61 MP: 6/6
  2264 | D:5      | Reached ** piety under Okawaru
  2265 | D:5      | Reached skill level 7 in Maces & Flails
  2298 | D:5      | Reached skill level 5 in Shields
  2444 | D:5      | Reached skill level 8 in Maces & Flails
  2444 | D:5      | Reached XP level 8. HP: 41/69 MP: 7/7
  2503 | D:6      | Found Uwasomy's Armour Boutique.
  2611 | D:7      | Noticed Menkaure
  2654 | D:7      | HP: 2/70 [killer bee (2)]
  2655 | D:7      | Succumbed to a killer bee's poison

Illustrated notes

Levels and vault maps discovered:
D:1:      dpeg_arrival_long_road, layout_rooms, serial_shops,
          nicolae_shop_rolling_square, shop, shop, shop, shop,
          chequers_serial_rivers_room_b, minmay_pentomino_t4
D:2:      layout_loops_ring, chequers_garden, uniq_natasha
D:3:      layout_basic
D:4:      layout_gridville, okawaru_metal_pillars_1_2,
          makhleb_altar_promises_db, nicolae_ru_path_of_blood,
          minmay_temple_entry_ruins, cheibrodos_sewer_entry_drain
D:5:      layout_basic, serial_glass, glass_columns_a, glass_columns_a,
          minmay_strange_pillars, due_unseen_surprise, moated_statue,
          grunt_ministairs_12, nicolae_wormholes
D:6:      layout_rooms, amcnicky_altar_gilded,
          mainiacjoe_overflow_small_starburst, overflow_temple_1_default,
          kennysheep_mini_moat, serial_shops, nicolae_stop_n_shop_1,
          hangedman_abyss_or_decor_lesser_grid, centaur_isle
D:7:      layout_loops_corners, lemuel_round_altar, uniq_menkaure

Skill      XL: |  1  2  3  4  5  6  7  8 |
---------------+-------------------------+-----
Fighting       | 4 5 6 |  6.0
Armour         | 4 5 6 |  6.0
Shields        | 4 5 |  5.1
Maces & Flails | 3 4 5 6 8 |  8.2
Dodging        | 1 2 3 |  3.0
Stealth        | |  0.5
Evocations     | |  0.1

Action                     |  1- 3 |  4- 6 |  7- 9 || total
---------------------------+-------+-------+-------++-------
  Melee: Flail             |    71 |    54 |       ||   125
         Headbutt          |    14 |    15 |    15 ||    44
         Whip              |       |    68 |    96 ||   164
    Use: Potion            |       |       |     1 ||     1
 Armour: Scale mail        |    44 |       |       ||    44
         Chain mail        |     3 |    29 |       ||    32
         Ring mail         |       |    17 |    39 ||    56
  Dodge: Dodged            |    33 |    41 |    39 ||   113
  Block: Buckler           |    19 |    27 |    27 ||    73
